Los Angeles Kings vs Hartford Whalers
Created - Monday, June 12, 2023 at 07:01
Goals
|
| Los Angeles Kings |
0 |
1 |
1 |
1 |
3 |
| Hartford Whalers |
1 |
0 |
1 |
0 |
2 |
|
Shots
|
| Los Angeles Kings |
7 |
12 |
6 |
1 |
26 |
| Hartford Whalers |
17 |
11 |
11 |
0 |
39 |
|
1st period
1. Hartford Whalers , Joshua Norris 33 (Taylor Hall 42) at 14:17
Penalties :
Noah Dobson (LAK) for Hooking (Minor) at 5:00, K'Andre Miller (LAK) for Hooking (Minor) at 14:39
2nd period
2. Los Angeles Kings , Seth Jarvis 27 (Erik Brannstrom 22, Dominik Kubalik 41) at 16:18
Penalties :
Josh Anderson (HFD) for Hooking (Minor) at 0:38, Andrei Svechnikov (LAK) for Hooking (Minor) at 4:55, Cooper Marody (LAK) for Hooking (Minor) at 13:13
3rd period
3. Hartford Whalers , Torey Krug 8 (Alec Martinez 16) at 3:46 (PP)
4. Los Angeles Kings , Alexander Radulov 16 (Seth Jarvis 28) at 14:02
Penalties :
Andrei Svechnikov (LAK) for High sticking (Minor) at 3:37, Seth Jarvis (LAK) for Roughing (Minor) at 5:09, Alexander Radulov (LAK) for Hooking (Minor) at 10:06
Overtime #1
5. Los Angeles Kings , Dominik Kubalik 15 (Rasmus Sandin 7) at 1:56
Penalties :
No Penalty
Goalie Stats
John Gibson (LAK), 37 saves from 39 shots - (0.949), W, 20-20-4, 61:56 minutes
Anton Forsberg (HFD), 23 saves from 26 shots - (0.885), OTL, 22-14-4, 61:56 minutes
Players Stats for Los Angeles Kings
Player Name G A P +/- PIM S H SB GA TA FO MP PP MP PK MP
------------------------------------------------------------------------------------
Alexander Radulov 1 0 1 1 2 3 0 0 0 0 0/1 13:59 0:56 0:00
Andrei Svechnikov 0 0 0 0 4 8 1 0 1 1 1/4 18:59 1:03 4:51
Cooper Marody 0 0 0 0 2 0 0 1 0 0 1/3 9:19 0:00 0:17
Dominik Kubalik 1 1 2 2 0 4 2 2 0 0 0/0 21:11 0:56 5:52
Erik Brannstrom 0 1 1 1 0 1 0 1 1 1 0/0 19:00 0:00 2:20
Evan Polei 0 0 0 0 0 0 2 1 0 0 0/0 9:04 0:00 0:00
Jakub Zboril 0 0 0 1 0 1 1 1 0 0 0/0 21:47 0:59 5:00
K'Andre Miller 0 0 0 0 2 1 1 3 0 1 0/0 22:28 1:00 5:22
Kirby Dach 0 0 0 1 0 0 2 0 0 0 4/11 20:36 1:03 5:45
Matt Tennyson 0 0 0 1 0 0 0 3 0 0 0/0 17:15 0:59 0:35
Nicklas Backstrom 0 0 0 0 0 1 2 0 0 1 9/16 19:45 1:03 5:35
Noah Dobson 0 0 0 0 2 2 1 1 0 1 0/0 22:34 1:00 5:24
Peyton Krebs 0 0 0 0 0 0 0 0 0 0 3/4 12:42 0:00 1:10
Rasmus Sandin 0 1 1 1 0 1 1 3 1 0 0/0 21:12 0:00 5:25
Ryan Reaves 0 0 0 0 0 1 3 1 0 0 0/0 11:13 0:00 0:00
Seth Jarvis 1 1 2 1 2 3 0 2 0 1 4/13 13:42 0:56 0:00
Tyler Gaudet 0 0 0 0 0 0 3 0 0 1 0/1 11:56 0:00 0:36
Vitaly Kravtsov 0 0 0 0 0 0 0 0 0 1 0/0 8:52 0:00 0:00
Players Stats for Hartford Whalers
Player Name G A P +/- PIM S H SB GA TA FO MP PP MP PK MP
------------------------------------------------------------------------------------
Alec Martinez 0 1 1 -1 0 2 2 1 0 1 0/0 24:11 6:34 1:10
Alexander Wennberg 0 0 0 -2 0 5 1 0 0 0 14/22 20:52 6:00 0:58
Alexis Lafreniere 0 0 0 0 0 1 1 0 0 0 0/0 12:25 0:02 0:06
Anthony Mantha 0 0 0 0 0 2 1 0 1 0 0/0 11:20 0:00 0:00
Brett Howden 0 0 0 -1 0 0 1 0 0 0 0/0 10:08 0:02 0:00
Casey Cizikas 0 0 0 0 0 1 0 0 0 0 3/5 12:12 0:03 0:00
Connor Clifton 0 0 0 -1 0 0 0 0 0 0 0/0 15:03 0:00 0:00
Eetu Luostarinen 0 0 0 -1 0 1 0 0 0 0 2/4 9:46 0:00 0:06
Jaccob Slavin 0 0 0 0 0 2 0 1 1 1 0/0 22:42 5:29 0:49
Josh Anderson 0 0 0 -1 2 5 1 1 2 0 0/2 18:30 6:00 0:00
Joshua Norris 1 0 1 1 0 5 0 0 1 0 12/19 19:17 6:01 0:55
Kevin Labanc 0 0 0 -1 0 3 0 0 0 0 0/0 9:17 0:00 0:00
Marcus Foligno 0 0 0 0 0 0 3 0 0 0 0/1 20:40 6:01 0:58
Michael Raffl 0 0 0 -1 0 1 0 1 1 0 0/0 18:08 5:59 0:00
Taylor Hall 0 1 1 1 0 3 1 0 1 0 0/0 19:17 6:01 0:55
Thomas Chabot 0 0 0 0 0 3 3 1 1 0 0/0 22:42 5:29 0:49
Torey Krug 1 0 1 -1 0 5 0 1 0 1 0/0 24:11 6:34 1:10
Travis Dermott 0 0 0 -1 0 0 1 1 0 0 0/0 15:03 0:00 0:00
3 Stars
1 - Dominik Kubalik (LAK)
2 - John Gibson (LAK)
3 - Seth Jarvis (LAK)
Power Play
Los Angeles Kings - 0 on 1 Attempt(s) - 0.00%
Hartford Whalers - 1 on 7 Attempt(s) - 14.29%
Penalty Kill
Los Angeles Kings - 6 on 7 Attempt(s) - 85.71%
- Score 0 goal in Penalty Kill
Hartford Whalers - 1 on 1 Attempt(s) - 100.00%
- Score 0 goal in Penalty Kill
Team Stat
Los Angeles Kings - Hits : 19 - Faceoff Wins : 22 - Blocked Shots : 19 - Penalty Minutes : 14
Hartford Whalers - Hits : 15 - Faceoff Wins : 31 - Blocked Shots : 7 - Penalty Minutes : 2
Official
Referees : Jon Mclsaac and Ian Walsh
Linesman : Steve Miller and Shandor Alphonso
Game Notes
No Game Note
Finance
Level 1 -- Attendance: 5076 (50.76%) -- Ticket Income $507,600
Level 2 -- Attendance: 3748 (74.96%) -- Ticket Income $224,880
Level 3 -- Attendance: 2401 (80.03%) -- Ticket Income $84,035
Level 4 -- Attendance: 3662 (73.24%) -- Ticket Income $91,550
Luxury Box -- Attendance: 740 (74.00%) -- Ticket Income $148,000
Game was played at the Hartford Civic Center.
Total Attendance: 15627 (65.11%)
Total Ticket Income: $1,056,065
Other Income: $369,623
Total Income: $1,425,688
Los Angeles Kings
5 vs 5 Forward
Center Left Wing Right Wing Time % Phy DF OF
1 Nicklas Backstrom Andrei Svechnikov Kirby Dach 30 1 2 2
2 Seth Jarvis Dominik Kubalik Alexander Radulov 30 1 2 2
3 Peyton Krebs Tyler Gaudet Ryan Reaves 25 1 2 2
4 Cooper Marody Evan Polei Vitaly Kravtsov 15 1 2 2
5 vs 5 Defense
Defense Defense Time % Phy DF OF
1 K'Andre Miller Noah Dobson 35 1 2 2
2 Erik Brannstrom Jakub Zboril 35 1 2 2
3 Matt Tennyson Rasmus Sandin 30 1 2 2
4 K'Andre Miller Noah Dobson 0 1 2 2
PowerPlay Forward
Center Left Wing Right Wing Time % Phy DF OF
1 Nicklas Backstrom Andrei Svechnikov Kirby Dach 50 1 2 2
2 Seth Jarvis Dominik Kubalik Alexander Radulov 50 1 2 2
PowerPlay Defense
Defense Defense Time % Phy DF OF
1 K'Andre Miller Noah Dobson 50 1 2 2
2 Matt Tennyson Jakub Zboril 50 1 2 2
Penalty Kill 4 Players Forward
Center Wing Time % Phy DF OF
1 Andrei Svechnikov Nicklas Backstrom 50 1 2 2
2 Kirby Dach Dominik Kubalik 50 1 2 2
Penalty Kill 4 Players Defense
Defense Defense Time % Phy DF OF
1 K'Andre Miller Noah Dobson 50 1 2 2
2 Rasmus Sandin Jakub Zboril 50 1 2 2
Penalty Kill - 3 Players Forward
Forward Time % Phy DF OF
1 Andrei Svechnikov 50 1 2 2
2 Nicklas Backstrom 50 1 2 2
Penalty Kill - 3 Players Defense
Defense Defense Time % Phy DF OF
1 K'Andre Miller Noah Dobson 50 1 2 2
2 Matt Tennyson Jakub Zboril 50 1 2 2
4 vs 4 Forward
Center Wing Time % Phy DF OF
1 Andrei Svechnikov Nicklas Backstrom 50 1 2 2
2 Kirby Dach Dominik Kubalik 50 1 2 2
4 vs 4 Defense
Defense Defense Time % Phy DF OF
1 K'Andre Miller Noah Dobson 50 1 2 2
2 Rasmus Sandin Jakub Zboril 50 1 2 2
Last Minutes Offensive
Center Left Wing Right Wing Defense Defense
Nicklas Backstrom Andrei Svechnikov Kirby Dach K'Andre Miller Noah Dobson
Last Minutes Defensive
Center Left Wing Right Wing Defense Defense
Nicklas Backstrom Andrei Svechnikov Kirby Dach K'Andre Miller Noah Dobson
Goaltenders
Starting : John Gibson
Backup : Aaron Dell
Extra Forwards
Normal : Evan Polei, Ryan Reaves, Peyton Krebs - PP : Evan Polei, Ryan Reaves - PK : Peyton Krebs
Extra Defensemen
Normal : Matt Tennyson, Rasmus Sandin, K'Andre Miller - PP : Matt Tennyson - PK : Rasmus Sandin, Noah Dobson
Penalty Shots
Andrei Svechnikov, Nicklas Backstrom, Kirby Dach, Dominik Kubalik, Alexander Radulov
Hartford Whalers
5 vs 5 Forward
Center Left Wing Right Wing Time % Phy DF OF
1 Joshua Norris Taylor Hall Marcus Foligno 30 1 2 2
2 Alexander Wennberg Josh Anderson Michael Raffl 30 1 2 2
3 Casey Cizikas Alexis Lafreniere Anthony Mantha 25 1 2 2
4 Eetu Luostarinen Brett Howden Kevin Labanc 15 1 2 2
5 vs 5 Defense
Defense Defense Time % Phy DF OF
1 Jaccob Slavin Thomas Chabot 35 1 2 2
2 Torey Krug Alec Martinez 35 1 2 2
3 Connor Clifton Travis Dermott 30 1 2 2
4 Jaccob Slavin Thomas Chabot 0 1 2 2
PowerPlay Forward
Center Left Wing Right Wing Time % Phy DF OF
1 Joshua Norris Taylor Hall Marcus Foligno 50 1 2 2
2 Alexander Wennberg Josh Anderson Michael Raffl 50 1 2 2
PowerPlay Defense
Defense Defense Time % Phy DF OF
1 Jaccob Slavin Thomas Chabot 50 1 2 2
2 Torey Krug Alec Martinez 50 1 2 2
Penalty Kill 4 Players Forward
Center Wing Time % Phy DF OF
1 Joshua Norris Taylor Hall 50 1 2 2
2 Marcus Foligno Alexander Wennberg 50 1 2 2
Penalty Kill 4 Players Defense
Defense Defense Time % Phy DF OF
1 Jaccob Slavin Thomas Chabot 50 1 2 2
2 Torey Krug Alec Martinez 50 1 2 2
Penalty Kill - 3 Players Forward
Forward Time % Phy DF OF
1 Joshua Norris 50 1 2 2
2 Taylor Hall 50 1 2 2
Penalty Kill - 3 Players Defense
Defense Defense Time % Phy DF OF
1 Jaccob Slavin Thomas Chabot 50 1 2 2
2 Torey Krug Alec Martinez 50 1 2 2
4 vs 4 Forward
Center Wing Time % Phy DF OF
1 Joshua Norris Taylor Hall 50 1 2 2
2 Marcus Foligno Alexander Wennberg 50 1 2 2
4 vs 4 Defense
Defense Defense Time % Phy DF OF
1 Jaccob Slavin Thomas Chabot 50 1 2 2
2 Torey Krug Alec Martinez 50 1 2 2
Last Minutes Offensive
Center Left Wing Right Wing Defense Defense
Joshua Norris Taylor Hall Marcus Foligno Jaccob Slavin Thomas Chabot
Last Minutes Defensive
Center Left Wing Right Wing Defense Defense
Joshua Norris Taylor Hall Marcus Foligno Jaccob Slavin Thomas Chabot
Goaltenders
Starting : Anton Forsberg
Backup : Logan Thompson
Extra Forwards
Normal : Casey Cizikas, Alexis Lafreniere, Eetu Luostarinen - PP : Casey Cizikas, Alexis Lafreniere - PK : Eetu Luostarinen
Extra Defensemen
Normal : Connor Clifton, Travis Dermott, Torey Krug - PP : Connor Clifton - PK : Travis Dermott, Torey Krug
Penalty Shots
Joshua Norris, Taylor Hall, Marcus Foligno, Alexander Wennberg, Josh Anderson
% Time on Ice - Los Angeles Kings
Lines # - Real PCT - Wanted PCT - Time Play
Normal Forward
1 - 28% - 30% - 12:47
2 - 29% - 30% - 13:18
3 - 24% - 25% - 11:01
4 - 19% - 15% - 8:52
Normal Defense
1 - 34% - 35% - 15:38
2 - 36% - 35% - 16:38
3 - 30% - 30% - 13:42
4 - 0% - 0% - 0:00
PP Forward
1 - 53% - 50% - 1:03
2 - 47% - 50% - 0:56
PP Defense
1 - 50% - 50% - 1:00
2 - 50% - 50% - 0:59
PK Forward
1 - 54% - 50% - 6:30
2 - 46% - 50% - 5:33
PK Defense
1 - 58% - 50% - 6:58
2 - 42% - 50% - 5:05
PK3 Forward
1 - 0% - 50%
2 - 0% - 50%
PK3 Defense
1 - 0% - 50%
2 - 0% - 50%
44 Forward
1 - 17% - 50% - 0:20
2 - 83% - 50% - 1:36
44 Defense
1 - 44% - 50% - 0:51
2 - 56% - 50% - 1:05
Last Minute Offensive - 0:00
Last Minute Defensive - 0:00
Total
Forward - 61:56
Defense - 61:56
|
% Time on Ice - Hartford Whalers
Lines # - Real PCT - Wanted PCT - Time Play
Normal Forward
1 - 27% - 30% - 12:32
2 - 28% - 30% - 13:05
3 - 25% - 25% - 11:20
4 - 20% - 15% - 9:01
Normal Defense
1 - 34% - 35% - 15:38
2 - 33% - 35% - 15:00
3 - 33% - 30% - 15:03
4 - 1% - 0% - 0:17
PP Forward
1 - 50% - 50% - 6:03
2 - 50% - 50% - 6:00
PP Defense
1 - 46% - 50% - 5:29
2 - 54% - 50% - 6:34
PK Forward
1 - 51% - 50% - 1:01
2 - 49% - 50% - 0:58
PK Defense
1 - 41% - 50% - 0:49
2 - 59% - 50% - 1:10
PK3 Forward
1 - 0% - 50%
2 - 0% - 50%
PK3 Defense
1 - 0% - 50%
2 - 0% - 50%
44 Forward
1 - 20% - 50% - 0:23
2 - 80% - 50% - 1:33
44 Defense
1 - 25% - 50% - 0:29
2 - 75% - 50% - 1:27
Last Minute Offensive - 0:00
Last Minute Defensive - 0:00
Total
Forward - 61:56
Defense - 61:56
|
Play-by-Play
1st period
0:01 of 1st period - Joshua Norris wins face-off versus Nicklas Backstrom in neutral zone.
0:06 of 1st period - Wrist shot by Joshua Norris.
0:06 of 1st period - Stopped by John Gibson without a rebound.
0:07 of 1st period - Nicklas Backstrom wins face-off versus Joshua Norris in Los Angeles Kings zone.
0:07 of 1st period - Nicklas Backstrom is hit by Thomas Chabot.
0:15 of 1st period - Snap shot by Joshua Norris.
0:15 of 1st period - Shot Blocked by K'Andre Miller.
0:32 of 1st period - Off-side.
0:33 of 1st period - Alexander Wennberg wins face-off versus Seth Jarvis in neutral zone.
1:49 of 1st period - Wrist shot by Andrei Svechnikov.
1:49 of 1st period - Stopped by Anton Forsberg without a rebound.
1:50 of 1st period - Alexander Wennberg wins face-off versus Seth Jarvis in Hartford Whalers zone.
1:54 of 1st period - Off-side.
1:55 of 1st period - Alexander Wennberg wins face-off versus Seth Jarvis in neutral zone.
2:33 of 1st period - Snap shot by Dominik Kubalik.
2:33 of 1st period - Stopped by Anton Forsberg with a rebound.
2:35 of 1st period - Wrist shot by Noah Dobson.
2:35 of 1st period - Stopped by Anton Forsberg with a rebound.
2:47 of 1st period - Snap shot by Alexander Wennberg.
2:47 of 1st period - Shot Misses the Net.
2:49 of 1st period - Wrist shot by Michael Raffl.
2:49 of 1st period - Stopped by John Gibson with a rebound.
2:51 of 1st period - Wrist shot by Michael Raffl.
2:51 of 1st period - Shot Misses the Net.
2:53 of 1st period - Snap shot by Josh Anderson.
2:53 of 1st period - Shot Misses the Net.
2:55 of 1st period - Wrist shot by Torey Krug.
2:55 of 1st period - Deflect By Alexander Wennberg.
2:55 of 1st period - Shot Blocked by Erik Brannstrom.
2:55 of 1st period - Puck is out of play.
2:56 of 1st period - Casey Cizikas wins face-off versus Peyton Krebs in Los Angeles Kings zone.
3:09 of 1st period - Jaccob Slavin is hit by Ryan Reaves and loses puck.
3:22 of 1st period - Marcus Foligno is hit by Kirby Dach and loses puck.
4:02 of 1st period - Thomas Chabot is hit by Rasmus Sandin and loses puck.
5:00 of 1st period - Minor Penalty to Noah Dobson for Hooking.
5:01 of 1st period - Joshua Norris wins face-off versus Andrei Svechnikov in Los Angeles Kings zone.
5:04 of 1st period - Snap shot by Joshua Norris.
5:04 of 1st period - Shot Blocked by K'Andre Miller.
5:35 of 1st period - Kirby Dach is hit by Thomas Chabot and loses puck.
5:56 of 1st period - Nicklas Backstrom is hit by Taylor Hall and loses puck.
7:00 of 1st period - Penalty to Noah Dobson is over, Noah Dobson is back on ice.
7:01 of 1st period - Slapshot by Torey Krug.
7:01 of 1st period - Stopped by John Gibson with a rebound.
7:17 of 1st period - Slapshot by Nicklas Backstrom.
7:17 of 1st period - Shot Blocked by Travis Dermott.
7:23 of 1st period - Wrist shot by Andrei Svechnikov.
7:23 of 1st period - Stopped by Anton Forsberg without a rebound.
7:24 of 1st period - Eetu Luostarinen wins face-off versus Tyler Gaudet in Hartford Whalers zone.
8:23 of 1st period - Wrist shot by Joshua Norris.
8:23 of 1st period - Shot Blocked by Rasmus Sandin.
8:35 of 1st period - Jaccob Slavin is hit by Tyler Gaudet.
8:50 of 1st period - Off-side.
8:51 of 1st period - Seth Jarvis wins face-off versus Casey Cizikas in neutral zone.
9:25 of 1st period - Slapshot by Thomas Chabot.
9:25 of 1st period - Stopped by John Gibson with a rebound.
9:27 of 1st period - Snap shot by Michael Raffl.
9:27 of 1st period - Shot Misses the Net.
9:29 of 1st period - Slapshot by Josh Anderson.
9:29 of 1st period - Shot Misses the Net.
9:50 of 1st period - Peyton Krebs is hit by Marcus Foligno and loses puck.
10:28 of 1st period - Snap shot by Torey Krug.
10:28 of 1st period - Stopped by John Gibson with a rebound.
10:30 of 1st period - Wrist shot by Alec Martinez.
10:30 of 1st period - Shot Misses the Net.
10:32 of 1st period - Wrist shot by Casey Cizikas.
10:32 of 1st period - Shot Misses the Net.
10:34 of 1st period - Wrist shot by Alexis Lafreniere.
10:34 of 1st period - Stopped by John Gibson without a rebound.
10:35 of 1st period - Alexander Wennberg wins face-off versus Nicklas Backstrom in Los Angeles Kings zone.
11:12 of 1st period - Casey Cizikas is hit by Ryan Reaves.
11:16 of 1st period - Matt Tennyson is hit by Alec Martinez and loses puck.
11:37 of 1st period - Snap shot by Eetu Luostarinen.
11:37 of 1st period - Stopped by John Gibson with a rebound.
11:49 of 1st period - Tyler Gaudet is hit by Josh Anderson.
12:17 of 1st period - Snap shot by Joshua Norris.
12:17 of 1st period - Shot Misses the Net.
12:35 of 1st period - Ryan Reaves is hit by Alexis Lafreniere and loses puck.
13:18 of 1st period - Snap shot by Alexander Wennberg.
13:18 of 1st period - Stopped by John Gibson without a rebound.
13:19 of 1st period - Joshua Norris wins face-off versus Nicklas Backstrom in Los Angeles Kings zone.
13:32 of 1st period - Snap shot by Taylor Hall.
13:32 of 1st period - Stopped by John Gibson without a rebound.
13:33 of 1st period - Alexander Wennberg wins face-off versus Nicklas Backstrom in Los Angeles Kings zone.
13:34 of 1st period - Slapshot by Josh Anderson.
13:34 of 1st period - Stopped by John Gibson with a rebound.
13:42 of 1st period - Snap shot by Alexander Wennberg.
13:42 of 1st period - Stopped by John Gibson without a rebound.
13:43 of 1st period - Nicklas Backstrom wins face-off versus Alexander Wennberg in Los Angeles Kings zone.
13:48 of 1st period - Snap shot by Andrei Svechnikov.
13:48 of 1st period - Stopped by Anton Forsberg with a rebound.
14:11 of 1st period - Snap shot by Josh Anderson.
14:11 of 1st period - Stopped by John Gibson without a rebound.
14:12 of 1st period - Joshua Norris wins face-off versus Seth Jarvis in Los Angeles Kings zone.
14:15 of 1st period - Backhand shot by Joshua Norris.
14:15 of 1st period - Shot Misses the Net.
14:17 of 1st period - Wrist shot by Joshua Norris.
14:17 of 1st period - Goal by Joshua Norris - Los Angeles Kings : 0 - Hartford Whalers : 1.
14:18 of 1st period - Joshua Norris wins face-off versus Seth Jarvis in neutral zone.
14:29 of 1st period - Wrist shot by Joshua Norris.
14:29 of 1st period - Stopped by John Gibson with a rebound.
14:33 of 1st period - Snap shot by Taylor Hall.
14:33 of 1st period - Shot Misses the Net.
14:39 of 1st period - Minor Penalty to K'Andre Miller for Hooking.
14:40 of 1st period - Alexander Wennberg wins face-off versus Kirby Dach in Los Angeles Kings zone.
16:32 of 1st period - Slapshot by Noah Dobson.
16:32 of 1st period - Stopped by Anton Forsberg with a rebound.
16:39 of 1st period - Penalty to K'Andre Miller is over, K'Andre Miller is back on ice.
16:46 of 1st period - Anthony Mantha is hit by Evan Polei and loses puck.
16:57 of 1st period - Rasmus Sandin is hit by Anthony Mantha and loses puck.
17:16 of 1st period - Slapshot by Thomas Chabot.
17:16 of 1st period - Stopped by John Gibson without a rebound.
17:17 of 1st period - Peyton Krebs wins face-off versus Eetu Luostarinen in Los Angeles Kings zone.
17:35 of 1st period - Connor Clifton is hit by K'Andre Miller and loses puck.
17:56 of 1st period - Snap shot by Casey Cizikas.
17:56 of 1st period - Stopped by John Gibson with a rebound.
18:16 of 1st period - Wrist shot by Seth Jarvis.
18:16 of 1st period - Stopped by Anton Forsberg without a rebound.
18:17 of 1st period - Alexander Wennberg wins face-off versus Seth Jarvis in Hartford Whalers zone.
18:17 of 1st period - Alexander Wennberg is hit by Dominik Kubalik.
19:24 of 1st period - Ryan Reaves is hit by Brett Howden and loses puck.
19:50 of 1st period - Snap shot by Josh Anderson.
19:50 of 1st period - Stopped by John Gibson without a rebound.
19:51 of 1st period - Alexander Wennberg wins face-off versus Nicklas Backstrom in Los Angeles Kings zone.
Goals for this period are 0 for Los Angeles Kings vs 1 for Hartford Whalers.
Shots for this period are 7 for Los Angeles Kings vs 17 for Hartford Whalers.
2nd period
0:01 of 2nd period - Nicklas Backstrom wins face-off versus Joshua Norris in neutral zone.
0:36 of 2nd period - Slapshot by Seth Jarvis.
0:36 of 2nd period - Shot Misses the Net.
0:38 of 2nd period - Minor Penalty to Josh Anderson for Hooking.
0:39 of 2nd period - Joshua Norris wins face-off versus Nicklas Backstrom in Hartford Whalers zone.
0:52 of 2nd period - Snap shot by Andrei Svechnikov.
0:52 of 2nd period - Stopped by Anton Forsberg with a rebound.
2:38 of 2nd period - Penalty to Josh Anderson is over, Josh Anderson is back on ice.
2:38 of 2nd period - Andrei Svechnikov is hit by Alec Martinez and loses puck.
3:17 of 2nd period - Slapshot by Erik Brannstrom.
3:17 of 2nd period - Shot Misses the Net.
3:19 of 2nd period - Slapshot by Rasmus Sandin.
3:19 of 2nd period - Stopped by Anton Forsberg without a rebound.
3:20 of 2nd period - Peyton Krebs wins face-off versus Alexander Wennberg in Hartford Whalers zone.
3:21 of 2nd period - Slapshot by Noah Dobson.
3:21 of 2nd period - Shot Blocked by Jaccob Slavin.
3:23 of 2nd period - Snap shot by Ryan Reaves.
3:23 of 2nd period - Deflect By Alexander Wennberg.
3:23 of 2nd period - Stopped by Anton Forsberg with a rebound.
3:25 of 2nd period - Slapshot by K'Andre Miller.
3:25 of 2nd period - Deflect By Peyton Krebs.
3:25 of 2nd period - Shot Blocked by Michael Raffl.
3:25 of 2nd period - Puck is out of play.
3:26 of 2nd period - Peyton Krebs wins face-off versus Alexander Wennberg in Hartford Whalers zone.
3:41 of 2nd period - Slapshot by Alexander Wennberg.
3:41 of 2nd period - Shot Blocked by Ryan Reaves.
4:49 of 2nd period - Snap shot by Alexander Wennberg.
4:49 of 2nd period - Stopped by John Gibson with a rebound.
4:55 of 2nd period - Minor Penalty to Andrei Svechnikov for Hooking.
4:56 of 2nd period - Joshua Norris wins face-off versus Kirby Dach in Los Angeles Kings zone.
4:59 of 2nd period - Slapshot by Joshua Norris.
4:59 of 2nd period - Stopped by John Gibson with a rebound.
5:09 of 2nd period - Wrist shot by Nicklas Backstrom.
5:09 of 2nd period - Shot Blocked by Torey Krug.
6:10 of 2nd period - Michael Raffl is hit by Noah Dobson and loses puck.
6:55 of 2nd period - Penalty to Andrei Svechnikov is over, Andrei Svechnikov is back on ice.
7:13 of 2nd period - Snap shot by Alexander Radulov.
7:13 of 2nd period - Shot Misses the Net.
7:52 of 2nd period - Casey Cizikas is hit by Tyler Gaudet.
8:46 of 2nd period - Off-side.
8:47 of 2nd period - Cooper Marody wins face-off versus Casey Cizikas in neutral zone.
9:03 of 2nd period - Backhand shot by Anthony Mantha.
9:03 of 2nd period - Stopped by John Gibson with a rebound.
9:13 of 2nd period - Michael Raffl is hit by Nicklas Backstrom and loses puck.
9:22 of 2nd period - Snap shot by Josh Anderson.
9:22 of 2nd period - Shot Blocked by Rasmus Sandin.
9:42 of 2nd period - Seth Jarvis is hit by Marcus Foligno and loses puck.
10:38 of 2nd period - Wrist shot by Jakub Zboril.
10:38 of 2nd period - Stopped by Anton Forsberg with a rebound.
10:50 of 2nd period - Wrist shot by Alexander Wennberg.
10:50 of 2nd period - Shot Blocked by Seth Jarvis.
11:24 of 2nd period - Wrist shot by Kevin Labanc.
11:24 of 2nd period - Stopped by John Gibson without a rebound.
11:25 of 2nd period - Seth Jarvis wins face-off versus Josh Anderson in Los Angeles Kings zone.
11:46 of 2nd period - Snap shot by Alexander Radulov.
11:46 of 2nd period - Shot Misses the Net.
11:48 of 2nd period - Snap shot by Dominik Kubalik.
11:48 of 2nd period - Stopped by Anton Forsberg without a rebound.
11:49 of 2nd period - Joshua Norris wins face-off versus Nicklas Backstrom in Hartford Whalers zone.
12:02 of 2nd period - Slapshot by Alec Martinez.
12:02 of 2nd period - Stopped by John Gibson with a rebound.
12:19 of 2nd period - Backhand shot by Thomas Chabot.
12:19 of 2nd period - Shot Blocked by Matt Tennyson.
12:21 of 2nd period - Wrist shot by Josh Anderson.
12:21 of 2nd period - Stopped by John Gibson with a rebound.
12:23 of 2nd period - Wrist shot by Thomas Chabot.
12:23 of 2nd period - Shot Misses the Net.
12:43 of 2nd period - Snap shot by Alexander Radulov.
12:43 of 2nd period - Stopped by Anton Forsberg with a rebound.
12:45 of 2nd period - Snap shot by Seth Jarvis.
12:45 of 2nd period - Shot Misses the Net.
13:13 of 2nd period - Minor Penalty to Cooper Marody for Hooking.
13:14 of 2nd period - Alexander Wennberg wins face-off versus Kirby Dach in Los Angeles Kings zone.
13:15 of 2nd period - Snap shot by Josh Anderson.
13:15 of 2nd period - Stopped by John Gibson without a rebound.
13:16 of 2nd period - Kirby Dach wins face-off versus Alexander Wennberg in Los Angeles Kings zone.
13:27 of 2nd period - Dominik Kubalik is hit by Alexander Wennberg and loses puck.
13:32 of 2nd period - Snap shot by Alexander Wennberg.
13:32 of 2nd period - Shot Blocked by Dominik Kubalik.
15:13 of 2nd period - Penalty to Cooper Marody is over, Cooper Marody is back on ice.
15:44 of 2nd period - Icing by Evan Polei.
15:45 of 2nd period - Casey Cizikas wins face-off versus Cooper Marody in Los Angeles Kings zone.
15:58 of 2nd period - Slapshot by Erik Brannstrom.
15:58 of 2nd period - Stopped by Anton Forsberg with a rebound.
16:12 of 2nd period - Backhand shot by Alexander Radulov.
16:12 of 2nd period - Shot Misses the Net.
16:14 of 2nd period - Backhand shot by Dominik Kubalik.
16:14 of 2nd period - Stopped by Anton Forsberg with a rebound.
16:16 of 2nd period - Slapshot by Erik Brannstrom.
16:16 of 2nd period - Shot Misses the Net.
16:18 of 2nd period - Slapshot by Seth Jarvis.
16:18 of 2nd period - Goal by Seth Jarvis - Los Angeles Kings : 1 - Hartford Whalers : 1.
16:19 of 2nd period - Andrei Svechnikov wins face-off versus Joshua Norris in neutral zone.
16:24 of 2nd period - Wrist shot by Andrei Svechnikov.
16:24 of 2nd period - Stopped by Anton Forsberg with a rebound.
16:26 of 2nd period - Snap shot by K'Andre Miller.
16:26 of 2nd period - Stopped by Anton Forsberg with a rebound.
16:28 of 2nd period - Wrist shot by Nicklas Backstrom.
16:28 of 2nd period - Shot Misses the Net.
16:30 of 2nd period - Snap shot by Andrei Svechnikov.
16:30 of 2nd period - Deflect By Nicklas Backstrom.
16:30 of 2nd period - Shot Misses the Net.
16:30 of 2nd period - Puck is out of play.
16:31 of 2nd period - Seth Jarvis wins face-off versus Joshua Norris in Hartford Whalers zone.
16:42 of 2nd period - Slapshot by Torey Krug.
16:42 of 2nd period - Shot Blocked by Dominik Kubalik.
16:44 of 2nd period - Snap shot by Taylor Hall.
16:44 of 2nd period - Deflect By Joshua Norris.
16:44 of 2nd period - Shot Blocked by K'Andre Miller.
16:44 of 2nd period - Puck is out of play.
16:45 of 2nd period - Nicklas Backstrom wins face-off versus Josh Anderson in Los Angeles Kings zone.
16:52 of 2nd period - Michael Raffl is hit by Nicklas Backstrom and loses puck.
17:37 of 2nd period - Marcus Foligno is hit by Ryan Reaves and loses puck.
17:48 of 2nd period - Jakub Zboril is hit by Marcus Foligno and loses puck.
18:01 of 2nd period - Slapshot by Thomas Chabot.
18:01 of 2nd period - Stopped by John Gibson with a rebound.
18:05 of 2nd period - Snap shot by Kevin Labanc.
18:05 of 2nd period - Stopped by John Gibson with a rebound.
18:07 of 2nd period - Snap shot by Kevin Labanc.
18:07 of 2nd period - Stopped by John Gibson without a rebound.
18:08 of 2nd period - Nicklas Backstrom wins face-off versus Eetu Luostarinen in Los Angeles Kings zone.
18:08 of 2nd period - Nicklas Backstrom is hit by Travis Dermott.
18:39 of 2nd period - Snap shot by Alexander Wennberg.
18:39 of 2nd period - Shot Blocked by Seth Jarvis.
18:53 of 2nd period - Taylor Hall is hit by Evan Polei.
19:21 of 2nd period - Wrist shot by Anthony Mantha.
19:21 of 2nd period - Shot Blocked by Matt Tennyson.
19:23 of 2nd period - Snap shot by Alec Martinez.
19:23 of 2nd period - Stopped by John Gibson without a rebound.
19:24 of 2nd period - Nicklas Backstrom wins face-off versus Alexander Wennberg in Los Angeles Kings zone.
19:39 of 2nd period - Wrist shot by Andrei Svechnikov.
19:39 of 2nd period - Stopped by Anton Forsberg with a rebound.
Goals for this period are 1 for Los Angeles Kings vs 0 for Hartford Whalers.
Shots for this period are 12 for Los Angeles Kings vs 11 for Hartford Whalers.
3rd period
0:01 of 3rd period - Nicklas Backstrom wins face-off versus Alexander Wennberg in neutral zone.
1:19 of 3rd period - Icing by Anthony Mantha.
1:20 of 3rd period - Casey Cizikas wins face-off versus Kirby Dach in Hartford Whalers zone.
1:20 of 3rd period - Casey Cizikas is hit by Jakub Zboril.
1:28 of 3rd period - Snap shot by Kirby Dach.
1:28 of 3rd period - Shot Misses the Net.
1:30 of 3rd period - Slapshot by Andrei Svechnikov.
1:30 of 3rd period - Stopped by Anton Forsberg without a rebound.
1:31 of 3rd period - Seth Jarvis wins face-off versus Joshua Norris in Hartford Whalers zone.
1:34 of 3rd period - Wrist shot by Alexander Radulov.
1:34 of 3rd period - Shot Blocked by Thomas Chabot.
2:39 of 3rd period - Snap shot by Kevin Labanc.
2:39 of 3rd period - Shot Blocked by Evan Polei.
2:45 of 3rd period - Snap shot by Vitaly Kravtsov.
2:45 of 3rd period - Shot Misses the Net.
3:05 of 3rd period - Icing by Torey Krug.
3:06 of 3rd period - Joshua Norris wins face-off versus Kirby Dach in Hartford Whalers zone.
3:06 of 3rd period - Joshua Norris is hit by Kirby Dach.
3:28 of 3rd period - Wrist shot by Joshua Norris.
3:28 of 3rd period - Shot Blocked by Jakub Zboril.
3:30 of 3rd period - Slapshot by Torey Krug.
3:30 of 3rd period - Stopped by John Gibson with a rebound.
3:32 of 3rd period - Snap shot by Taylor Hall.
3:32 of 3rd period - Stopped by John Gibson with a rebound.
3:37 of 3rd period - Minor Penalty to Andrei Svechnikov for High sticking.
3:38 of 3rd period - Kirby Dach wins face-off versus Alexander Wennberg in Los Angeles Kings zone.
3:46 of 3rd period - Slapshot by Torey Krug.
3:46 of 3rd period - Deflect By Rasmus Sandin.
3:46 of 3rd period - Goal by Torey Krug - Los Angeles Kings : 1 - Hartford Whalers : 2.
3:47 of 3rd period - Alexander Wennberg wins face-off versus Seth Jarvis in neutral zone.
3:52 of 3rd period - Snap shot by Alexander Wennberg.
3:52 of 3rd period - Stopped by John Gibson with a rebound.
3:54 of 3rd period - Snap shot by Torey Krug.
3:54 of 3rd period - Stopped by John Gibson with a rebound.
3:56 of 3rd period - Snap shot by Alexander Wennberg.
3:56 of 3rd period - Stopped by John Gibson with a rebound.
3:58 of 3rd period - Wrist shot by Michael Raffl.
3:58 of 3rd period - Shot Misses the Net.
4:00 of 3rd period - Slapshot by Alec Martinez.
4:00 of 3rd period - Shot Blocked by Noah Dobson.
4:02 of 3rd period - Slapshot by Josh Anderson.
4:02 of 3rd period - Shot Misses the Net.
4:12 of 3rd period - Joshua Norris is hit by Andrei Svechnikov and loses puck.
4:21 of 3rd period - Backhand shot by Andrei Svechnikov.
4:21 of 3rd period - Shot Misses the Net.
4:54 of 3rd period - Slapshot by Kevin Labanc.
4:54 of 3rd period - Shot Hit the Post.
4:56 of 3rd period - Slapshot by Jaccob Slavin.
4:56 of 3rd period - Stopped by John Gibson with a rebound.
4:58 of 3rd period - Snap shot by Eetu Luostarinen.
4:58 of 3rd period - Shot Blocked by Cooper Marody.
5:00 of 3rd period - Slapshot by Thomas Chabot.
5:00 of 3rd period - Shot Misses the Net.
5:02 of 3rd period - Slapshot by Jaccob Slavin.
5:02 of 3rd period - Stopped by John Gibson without a rebound.
5:03 of 3rd period - Alexander Wennberg wins face-off versus Alexander Radulov in Los Angeles Kings zone.
5:09 of 3rd period - Minor Penalty to Seth Jarvis for Roughing.
5:10 of 3rd period - Kirby Dach wins face-off versus Joshua Norris in Los Angeles Kings zone.
5:27 of 3rd period - Off-side.
5:28 of 3rd period - Alexander Wennberg wins face-off versus Andrei Svechnikov in neutral zone.
7:00 of 3rd period - K'Andre Miller is hit by Thomas Chabot and loses puck.
7:09 of 3rd period - Penalty to Seth Jarvis is over, Seth Jarvis is back on ice.
8:07 of 3rd period - Snap shot by Seth Jarvis.
8:07 of 3rd period - Shot Misses the Net.
10:06 of 3rd period - Minor Penalty to Alexander Radulov for Hooking.
10:07 of 3rd period - Joshua Norris wins face-off versus Kirby Dach in Los Angeles Kings zone.
10:11 of 3rd period - Snap shot by Taylor Hall.
10:11 of 3rd period - Stopped by John Gibson without a rebound.
10:12 of 3rd period - Joshua Norris wins face-off versus Kirby Dach in Los Angeles Kings zone.
10:13 of 3rd period - Wrist shot by Taylor Hall.
10:13 of 3rd period - Deflect By Joshua Norris.
10:13 of 3rd period - Stopped by John Gibson with a rebound.
11:05 of 3rd period - Wrist shot by Alexander Wennberg.
11:05 of 3rd period - Shot Misses the Net.
12:06 of 3rd period - Penalty to Alexander Radulov is over, Alexander Radulov is back on ice.
12:22 of 3rd period - Backhand shot by Jaccob Slavin.
12:22 of 3rd period - Deflect By Casey Cizikas.
12:22 of 3rd period - Shot Blocked by Matt Tennyson.
12:22 of 3rd period - Puck is out of play.
12:23 of 3rd period - Eetu Luostarinen wins face-off versus Cooper Marody in Los Angeles Kings zone.
13:06 of 3rd period - Wrist shot by Andrei Svechnikov.
13:06 of 3rd period - Shot Misses the Net.
13:08 of 3rd period - Wrist shot by Nicklas Backstrom.
13:08 of 3rd period - Stopped by Anton Forsberg without a rebound.
13:09 of 3rd period - Nicklas Backstrom wins face-off versus Joshua Norris in Hartford Whalers zone.
13:14 of 3rd period - Wrist shot by Andrei Svechnikov.
13:14 of 3rd period - Stopped by Anton Forsberg with a rebound.
13:48 of 3rd period - Off-side.
13:49 of 3rd period - Alexander Wennberg wins face-off versus Seth Jarvis in neutral zone.
14:02 of 3rd period - Wrist shot by Alexander Radulov.
14:02 of 3rd period - Goal by Alexander Radulov - Los Angeles Kings : 2 - Hartford Whalers : 2.
14:03 of 3rd period - Alexander Wennberg wins face-off versus Seth Jarvis in neutral zone.
14:47 of 3rd period - Snap shot by Anthony Mantha.
14:47 of 3rd period - Stopped by John Gibson with a rebound.
15:28 of 3rd period - Wrist shot by Alexander Radulov.
15:28 of 3rd period - Shot Misses the Net.
16:17 of 3rd period - Wrist shot by Anthony Mantha.
16:17 of 3rd period - Shot Blocked by Rasmus Sandin.
16:57 of 3rd period - Slapshot by Rasmus Sandin.
16:57 of 3rd period - Deflect By Andrei Svechnikov.
16:57 of 3rd period - Shot Misses the Net.
16:57 of 3rd period - Puck is out of play.
16:58 of 3rd period - Nicklas Backstrom wins face-off versus Alexander Wennberg in Hartford Whalers zone.
16:59 of 3rd period - Wrist shot by Kirby Dach.
16:59 of 3rd period - Shot Misses the Net.
17:23 of 3rd period - Anthony Mantha is hit by Tyler Gaudet and loses puck.
17:34 of 3rd period - Snap shot by Peyton Krebs.
17:34 of 3rd period - Shot Misses the Net.
17:36 of 3rd period - Snap shot by Ryan Reaves.
17:36 of 3rd period - Shot Misses the Net.
17:50 of 3rd period - Wrist shot by Alexander Radulov.
17:50 of 3rd period - Stopped by Anton Forsberg with a rebound.
17:52 of 3rd period - Slapshot by Seth Jarvis.
17:52 of 3rd period - Stopped by Anton Forsberg with a rebound.
17:54 of 3rd period - Wrist shot by Seth Jarvis.
17:54 of 3rd period - Shot Misses the Net.
17:56 of 3rd period - Snap shot by Alexander Radulov.
17:56 of 3rd period - Shot Misses the Net.
17:58 of 3rd period - Snap shot by Dominik Kubalik.
17:58 of 3rd period - Shot Misses the Net.
18:38 of 3rd period - Snap shot by Nicklas Backstrom.
18:38 of 3rd period - Shot Blocked by Josh Anderson.
18:48 of 3rd period - Connor Clifton is hit by Dominik Kubalik and loses puck.
18:59 of 3rd period - Wrist shot by Alexander Radulov.
18:59 of 3rd period - Shot Misses the Net.
19:59 of 3rd period - Slapshot by Erik Brannstrom.
19:59 of 3rd period - Shot Misses the Net.
Goals for this period are 1 for Los Angeles Kings vs 1 for Hartford Whalers.
Shots for this period are 6 for Los Angeles Kings vs 11 for Hartford Whalers.
Overtime #1
0:01 of 1st overtime period - Joshua Norris wins face-off versus Andrei Svechnikov in neutral zone.
0:28 of 1st overtime period - Slapshot by Thomas Chabot.
0:28 of 1st overtime period - Deflect By Alexander Wennberg.
0:28 of 1st overtime period - Shot Misses the Net.
0:28 of 1st overtime period - Puck is out of play.
0:29 of 1st overtime period - Kirby Dach wins face-off versus Marcus Foligno in Los Angeles Kings zone.
0:40 of 1st overtime period - Slapshot by Kirby Dach.
0:40 of 1st overtime period - Shot Blocked by Alec Martinez.
1:14 of 1st overtime period - Slapshot by Kirby Dach.
1:14 of 1st overtime period - Shot Misses the Net.
1:56 of 1st overtime period - Snap shot by Dominik Kubalik.
1:56 of 1st overtime period - Goal by Dominik Kubalik - Los Angeles Kings : 3 - Hartford Whalers : 2.
Goals for this period are 1 for Los Angeles Kings vs 0 for Hartford Whalers.
Shots for this period are 1 for Los Angeles Kings vs 0 for Hartford Whalers.
Back to the Top